 Dungeon Crawl Stone Soup version 0.31.0-32-g396128a36d (webtiles) character file.

Game seed: 16064646253315450902

53 JAYSQUAD5 the Chopper (level 3, -1/3 HPs)
             Began as a Draconian Berserker on Mar 8, 2024.
             Was a Follower of Trog.
             Slain by an orc wizard
             ... wielding a +0 dagger
              (3 damage)
             ... on level 4 of the Dungeon.
             The game lasted 00:14:43 (1235 turns).

JAYSQUAD5 the Chopper (Draconian Berserker)         Turns: 1235, Time: 00:14:44

Health: -1/3       AC:  5    Str: 21    XL:     3   Next: 64%
Magic:  7/12       EV: 12    Int:  7    God:    Trog [*.....]
Gold:   181        SH:  0    Dex: 10    Spells: 2/2 levels left

rFire   . . .        a - melded +0 hand axe
rCold   . . .        (shield currently unavailable)
rNeg    . . .        (body armour unavailable)
rPois   .            (helmet restricted)
rElec   .            (no cloak)
rCorr   .            (gloves currently unavailable)
SInv    .            (no boots)
Will    .....        (no amulet)
Stlth   +            v - ring of magical power
HPRegen 0.20/turn    (no ring)
MPRegen 0.13/turn

%: no passive effects
@: blade hands
A: reduced hp, AC +5, unfitting armour, cold-blooded
a: Begin Untransformation, Renounce Religion, Berserk


You were on level 4 of the Dungeon.
You worshipped Trog.
Trog was aware of your devotion.
You had blades for hands.
You visited 1 branch of the dungeon, and saw 4 of its levels.

You collected 181 gold pieces.

Inventory:

Hand Weapons
 a - a +0 hand axe (melded)
 n - a +0 flail
 r - a +0 great sword
Armour
 g - a +0 leather armour
 i - a +0 helmet
 k - a +0 chain mail
 l - a +0 chain mail
 s - a +0 robe
Jewellery
 v - a ring of magical power (left blade hand)
Talismans
 h - a blade talisman (active)
Scrolls
 d - 3 scrolls of identify {unknown}
 f - 2 scrolls of teleportation {unknown}
 j - a scroll of immolation {unknown}
 m - 2 scrolls of enchant armour {unknown}
 o - a scroll of noise {unknown}
 p - a scroll of enchant weapon {unknown}
 t - a scroll of amnesia
 u - a scroll of poison {unknown}
Potions
 b - a potion of attraction {unknown}
 c - a potion of enlightenment {unknown}
 e - 2 potions of lignification {unknown}
 q - a potion of heal wounds {unknown}


   Skills:
 + Level 3.6 Fighting
 + Level 3.8 Axes
 + Level 3.4 Dodging


You had 2 spell levels left.
You didn't know any spells.
Your spell library contained the following spells:

 Spells                   Type           Power      Damage    Failure   Level
 Sublimation of Blood     Necr           0%         N/A       56%         2
 Petrify                  Alch/Erth      0%         N/A       99%         4
 Irradiate                Conj/Alch      0%         3d11      100%        5


Dungeon Overview and Level Annotations

Branches:
Dungeon (4/15)
 Temple: D:4-7

Altars:
Gozag


Innate Abilities, Weirdness & Mutations

You have blades for hands.
Your maximum health is decreased, since you lack skill for your form.
You are incapable of wielding weapons or throwing items.
Your plain brown scales are hard. (AC +5)
You cannot fit into any form of body armour.
You are cold-blooded and may be slowed by cold attacks.


Message History

v - a ring of magical power (left hand)
You begin transforming.
You continue transforming. x3
Your hands turn into razor-sharp scythe blades.
Your +0 hand axe melds into your body.
Okay, then.
There is a stone staircase leading down here.
You climb downwards.
The orc shouts!
You hear a shout!
You hear an angry hiss.
Found a clear potion.
There is a stone staircase leading up here.
An orc comes into view. It is wielding a +0 dagger.
An orc wizard comes into view. It is wielding a +0 dagger.
An orc comes into view. It is wielding a +0 short sword.
The orc wizard moves out of view.
You see here a clear potion.
You closely miss the orc.
The orc wizard shouts!
You hit the orc.
The orc is heavily wounded.
The orc wizard gestures wildly while chanting.
The orc wizard flickers and vanishes!
Deactivating autopickup; reactivate with Ctrl-A.
The orc hits you but does no damage.
You hit the orc.
You kill the orc!
Trog accepts your kill. The orc hits you with a +0 dagger.
Ouch! That really hurt!
You hit the orc. You tail-slap the orc.
You kill the orc!
Trog accepts your kill.
An adder comes into view.
The adder hisses angrily.
You slash the orc!
You kill the orc!
Trog accepts your kill. Something hits you.
Ouch! That really hurt!
You die...

.#
###.
....
...
#..
#S#
#{#
#@####
#.)..#
#!####
#.#
#<#
#.#
#.#
#.#
#.#


You could see an adder.

Vanquished Creatures
  2 adders
  A dart slug (D:2)
  3 orcs (D:4)
  An endoplasm (D:3)
  A giant cockroach (D:1)
  A goblin (D:2)
  7 hobgoblins
  3 kobolds
  A ball python (D:2)
  3 bats
  4 frilled lizards
  3 rats
30 creatures vanquished.

Notes
Turn   | Place    | Note
-------+----------+-------------------------------------------
     0 | D:1      | JAYSQUAD5 the Draconian Berserker began the quest for the
                  | Orb.
     0 | D:1      | Reached XP level 1. HP: 19/19 MP: 1/1
   330 | D:2      | Reached XP level 2. HP: 23/26 MP: 2/2
   459 | D:2      | Reached XP level 3. HP: 22/31 MP: 3/3
   746 | D:3      | Found an opulent altar of Gozag.
  1235 | D:4      | Slain by an orc wizard

Illustrated notes

Levels and vault maps discovered:
D:1:      minmay_arrival_open_corners, layout_loops_ring, serial_shops, shop
D:2:      layout_rooms, patterned_corridor
D:3:      layout_rooms, overflow_temple_1_default, serial_co_window_serial,
          co_window_corner_a, co_window_paths_b, co_window_of_opportunity_a,
          co_window_cross_1, co_window_paths_a, co_window_of_opportunity_b,
          co_window_of_opportunity_c, co_window_unsneaky_path_a,
          co_window_paths_c, co_window_of_opportunity_b, co_window_corner_b,
          co_window_2corner, co_window_4corner_a, co_window_4corner_b,
          glass_columns_a, glass_columns_b, glass_columns_a, grunt_ministairs_8
D:4:      layout_basic, grunt_temple_overflow_order_and_chaos_2,
          minmay_temple_entry_mini_moons

Skill      XL: |  1  2 |
---------------+-------+-----
Dodging        | 3 |  3.4
Fighting       | |  3.6
Axes           | |  3.8

Action                     || total
---------------------------++-------
  Melee: Hand axe          ||    79
         Tailslap          ||    10
         Unarmed           ||     5
 Invoke: Berserk           ||     2
    Use: Scroll            ||     1
 Armour: Skin              ||    50
  Dodge: Dodged            ||    64
   Form: Blade             ||     1
